 Dungeon Crawl Stone Soup version 0.23.0 (webtiles) character file.

Game seed: 13898017730570661605

881 MisterOstroum the Cudgeler (level 8, -2/73 HPs)
             Began as a Gargoyle Fighter on Feb 15, 2019.
             Was a Follower of Makhleb.
             Slain by a slave (3 damage)
             ... led by Pikel
             ... on level 5 of the Dungeon on Feb 16, 2019.
             The game lasted 00:33:20 (4636 turns).

MisterOstroum the Cudgeler (Gargoyle Fighter)       Turns: 4636, Time: 00:33:20

Health: -2/73      AC: 12    Str: 27    XL:     8   Next: 5%
Magic:  8/8        EV:  8    Int:  9    God:    Makhleb [*.....]
Gold:   207        SH: 14    Dex:  9    Spells: 7/7 levels left

rFire    . . .     SeeInvis .   a - +0 flail
rCold    + . .     Gourm    .   c - +0 shield
rNeg     + . .     Faith    .   b - +0 scale mail
rPois    ∞         Spirit   .   n - +0 helmet
rElec    +         Reflect  .   (no cloak)
rCorr    .         Harm     .   D - +2 pair of gloves
MR       .....                  B - +0 pair of boots
Stlth    ..........             (no amulet)
HPRegen  0.22/turn              (no ring)
MPRegen  0.11/turn              (no ring)

@: berserking, corroded, very quick
A: large bone plates 1, slimy green scales 1, cold resistance 1, high mp 1,
negative energy resistance 1, electricity resistance, unbreathing, petrification
resistance, rot immunity, AC +5
a: Renounce Religion


You were on level 5 of the Dungeon.
You worshipped Makhleb.
Makhleb was aware of your devotion.
You were not hungry.

You visited 2 branches of the dungeon, and saw 7 of its levels.

You collected 207 gold pieces.

Inventory:

Hand Weapons
 a - a +0 flail (weapon)
 o - a +0 mace
 x - a +0 mace
Missiles
 e - 19 poisoned needles
 t - 90 stones (quivered)
Armour
 b - a +0 scale mail (worn)
 c - a +0 shield (worn)
 n - a +0 helmet (worn)
 B - a +0 pair of boots (worn)
 D - a +2 pair of gloves (worn)
Wands
 r - a wand of enslavement (8)
Scrolls
 d - a scroll of immolation
 g - a scroll of blinking {unknown}
 i - 2 scrolls of amnesia
 j - a scroll of teleportation {unknown}
 k - a scroll of enchant armour {unknown}
 l - a scroll of identify
 p - a scroll of fear {unknown}
 y - a scroll of remove curse
Potions
 h - 2 potions of flight
 m - a potion of curing {unknown}
 q - 2 potions of haste {unknown}
 s - a potion of heal wounds {unknown}
 v - a potion of berserk rage
Comestibles
 f - 10 rations
 u - 4 chunks of flesh


   Skills:
 * Level 5.0 Fighting
 * Level 6.9 Maces & Flails
 + Level 4.6 Armour
 + Level 0.9 Stealth
 + Level 4.9 Shields


You had 7 spell levels left.
You didn't know any spells.
Your spell library was empty.

Dungeon Overview and Level Annotations

Branches:
Dungeon (6/15)             Temple (1/1) D:5

Altars:
Ashenzari
Cheibriados
Dithmenos
Elyvilon
Fedhas
Gozag
Makhleb
Nemelex Xobeh
Okawaru
Sif Muna
Trog
Vehumet
Wu Jian
Xom
Yredelemnul
The Shining One

Annotations:
D:3 Jessica; mys's ghost, amateur CeWr
D:5 Pikel


Innate Abilities, Weirdness & Mutations

You are resistant to torment.
Your stone body is resilient. (AC +5)
You are immune to poison.
You resist negative energy. (rN+)
You are resistant to electric shocks. (rElec)
You can survive without breathing.
You are immune to petrification.
You are immune to rotting.
You are partially covered in large bone plates. (SH +4)
You are partially covered in slimy green scales. (AC +2)
Your flesh is cold resistant. (rC+)
You have an increased reservoir of magic. (+10% MP)


Message History

* * * LOW HITPOINT WARNING * * *
Pikel zaps a wand.
The puff of flame hits you but does no damage.
You block the slave's attack.
You hit Pikel.
Pikel is moderately wounded.
You block the slave's attack.
You barely miss Pikel.
Pikel is moderately wounded.
You block Pikel's attack. The slave hits you.
* * * LOW HITPOINT WARNING * * *
You block the slave's attack. x2
You sock Pikel!
Pikel is severely wounded.
You block Pikel's attack. The slave closely misses you. The slave hits you.
* * * LOW HITPOINT WARNING * * *
You hit Pikel.
Pikel is severely wounded.
You block the slave's attack. The slave hits you.
You die...

....##≈≈≈#
###..#
...##≈§§
###.##.#
..##≈≈§#
##....#.#
.##≈≈≈#
##......#(#
##≈≈≈##
##.......###
#§≈≈##.?
#.........#
§§§##J..
#.........#
≈§##..)..
#....ppp..#
≈##.(....
#.....@...#
##......
#.....K...#
#.....
#....p....#
#####
##........#
##.......#
..########
##. #


You could see Pikel and 4 slaves.

Vanquished Creatures
  Grinder (D:3)
  A water moccasin (D:3)
  A centaur (D:4)
  A bullfrog (D:6)
  A howler monkey (D:4)
  A jelly (D:5)
  A bullfrog zombie (D:5)
  An orc priest (D:5)
  A bullfrog skeleton (D:5)
  2 orc wizards
  3 worker ants
  3 adders
  4 worms
  5 leopard geckos
  10 orcs
  6 bats
  4 giant cockroaches
  11 goblins
  2 hobgoblins
  8 jackals
  7 kobolds (D:2)
  2 quokkas
  4 ball pythons
  5 frilled lizards
  A jackal skeleton (D:6)
  3 rats
89 creatures vanquished.

Vanquished Creatures (collateral kills)
  An orc (D:5)
1 creature vanquished.

Grand Total: 90 creatures vanquished

Notes
Turn   | Place    | Note
-------+----------+-------------------------------------------
     0 | D:1      | MisterOstroum the Gargoyle Fighter began the quest for the
                  | Orb.
     0 | D:1      | Reached XP level 1. HP: 14/14 MP: 1/1
   192 | D:1      | Reached XP level 2. HP: 19/19 MP: 2/2
   709 | D:2      | Found a burning altar of Makhleb.
   718 | D:2      | Became a worshipper of Makhleb the Destroyer
   752 | D:2      | Reached XP level 3. HP: 24/24 MP: 3/3
  1002 | D:2      | Found an opulent altar of Gozag.
  1128 | D:2      | Found a basalt altar of Yredelemnul.
  1206 | D:2      | Found a shimmering altar of Xom.
  1238 | D:2      | Reached skill level 3 in Maces & Flails
  1246 | D:2      | Reached XP level 4. HP: 27/29 MP: 4/4
  1622 | D:3      | Found a runed translucent door.
  1622 | D:3      | Noticed mys's ghost (amateur CeWr)
  1903 | D:3      | Reached * piety under Makhleb
  1924 | D:3      | Noticed a water moccasin
  1937 | D:3      | Killed a water moccasin
  1937 | D:3      | Reached skill level 4 in Maces & Flails
  1937 | D:3      | Reached XP level 5. HP: 19/33 MP: 5/5
  2111 | D:3      | Found a faded altar of an unknown god.
  2122 | D:3      | Found a shimmering altar of Xom.
  2128 | D:3      | Noticed Jessica
  2220 | D:3      | Noticed Grinder
  2222 | D:3      | Paralysed by Grinder for 4 turns
  2233 | D:3      | Paralysed by Grinder for 6 turns
  2241 | D:3      | Killed Grinder
  2241 | D:3      | Reached skill level 5 in Maces & Flails
  2241 | D:3      | Reached XP level 6. HP: 7/39 MP: 6/6
  2604 | D:4      | Gained mutation: Your flesh is heat resistant. (rF+)
                  | [potion of mutation]
  2604 | D:4      | Gained mutation: You are partially covered in icy blue
                  | scales. (AC +2) [potion of mutation]
  2605 | D:4      | Lost mutation: Your flesh is heat resistant. (rF+) [potion
                  | of mutation]
  2605 | D:4      | Gained mutation: You are partially covered in slimy green
                  | scales. (AC +2) [potion of mutation]
  2605 | D:4      | Gained mutation: Your flesh is cold resistant. (rC+)
                  | [potion of mutation]
  2626 | D:4      | Reached XP level 7. HP: 42/44 MP: 7/7
  3024 | D:4      | Reached skill level 6 in Maces & Flails
  3362 | D:4      | Found a shattered altar of Ashenzari.
  3568 | D:5      | Entered Level 5 of the Dungeon
  3883 | D:5      | Lost mutation: You are partially covered in icy blue
                  | scales. (AC +2) [potion of mutation]
  3883 | D:5      | Gained mutation: You are partially covered in large bone
                  | plates. (SH +4) [potion of mutation]
  3883 | D:5      | Gained mutation: You have an increased reservoir of magic.
                  | (+10% MP) [potion of mutation]
  3934 | D:5      | Found a staircase to the Ecumenical Temple.
  3963 | Temple   | Entered the Ecumenical Temple
  4511 | D:5      | Noticed Pikel
  4593 | D:6      | Reached skill level 5 in Fighting
  4593 | D:6      | Reached XP level 8. HP: 38/49 MP: 8/8
  4635 | D:5      | HP: 1/73 [slave[Pikel] (4)]
  4636 | D:5      | Slain by a slave

Skill      XL: |  1  2  3  4  5  6  7 |
---------------+----------------------+-----
Maces & Flails | 3 4 5 6 |  6.9
Fighting       | 4 5 |  5.0
Shields        | 4 |  4.9
Armour         | 4 |  4.6
Stealth        | |  0.9

Action                   |  1- 3 |  4- 6 |  7- 9 || total
-------------------------+-------+-------+-------++-------
Melee: Flail             |   133 |   123 |   167 ||   423
Throw: Throwing net      |       |       |     1 ||     1
Evoke: Wand              |       |       |     1 ||     1
  Use: Potion            |       |     3 |     2 ||     5
       Scroll            |       |     2 |     8 ||    10
  Eat: Chunk             |     1 |     5 |     5 ||    11
       Ration            |       |       |     1 ||     1
Armor: Scale mail        |    76 |    57 |   136 ||   269
Dodge: Dodged            |    46 |    40 |    62 ||   148
Block: Shield            |    72 |    45 |   142 ||   259
